[ AOE2 MATCH · #468445249 ]
UnrankedPersians vs Malay
[ REPLAY ANALYSIS · EXTRACTED FROM THE RECORDED GAME ]
Feudal
10:37
Castle
16:17
Imperial
34:33
| APM avg | 24.7 |
| APM peak | 74 |
| eAPM avg | 12.7 |
| Villagers / military | 159 / 245 |
Focus
⚔️ 21.0% · 🌾 79.0%
Archer ×123 · Skirmisher ×46 · Scout Cavalry ×45 · Knight ×25 · Spearman ×3 · Mangonel ×2
Feudal
—
Castle
—
Imperial
—
| APM avg | 38.7 |
| APM peak | 77 |
| eAPM avg | 26.3 |
| Villagers / military | 119 / 1700 |
Focus
⚔️ 58.3% · 🌾 41.7%
Karambit Warrior ×1264 · Militia ×284 · Spearman ×81 · Skirmisher ×68 · Trade Cart ×10 · Trebuchet (Packed) ×3
Feudal
11:53
Castle
16:26
Imperial
30:45
| APM avg | 27.4 |
| APM peak | 72 |
| eAPM avg | 16.3 |
| Villagers / military | 119 / 286 |
Focus
⚔️ 40.7% · 🌾 59.3%
Spearman ×147 · Hussite Wagon ×55 · Monk ×45 · Trade Cart ×18 · Hand Cannoneer ×18 · Trebuchet (Packed) ×10
Feudal
11:40
Castle
20:13
Imperial
35:23
| APM avg | 40.7 |
| APM peak | 85 |
| eAPM avg | 24.3 |
| Villagers / military | 242 / 212 |
Focus
⚔️ 27.0% · 🌾 73.0%
Steppe Lancer ×158 · Unknown (1920) ×139 · Militia ×34 · Trade Cart ×16 · Trebuchet (Packed) ×12 · Camel Scout ×6
Feudal
11:26
Castle
15:40
Imperial
32:37
| APM avg | 38.2 |
| APM peak | 89 |
| eAPM avg | 19.5 |
| Villagers / military | 169 / 490 |
Focus
⚔️ 27.5% · 🌾 72.5%
Skirmisher ×204 · Cavalry Archer ×179 · Spearman ×77 · Unknown (1260) ×20 · Kipchak ×18 · Trade Cart ×8
Feudal
12:19
Castle
16:22
Imperial
32:28
| APM avg | 38.6 |
| APM peak | 87 |
| eAPM avg | 21.1 |
| Villagers / military | 128 / 847 |
Focus
⚔️ 35.5% · 🌾 64.5%
Spearman ×632 · Archer ×130 · Skirmisher ×55 · Trebuchet (Packed) ×29 · Trade Cart ×15 · Monk ×1
Feudal
11:45
Castle
15:58
Imperial
30:18
| APM avg | 23.5 |
| APM peak | 49 |
| eAPM avg | 14.3 |
| Villagers / military | 160 / 445 |
Focus
⚔️ 28.2% · 🌾 71.8%
Knight ×243 · Spearman ×120 · Trade Cart ×66 · Throwing Axeman ×30 · Scorpion ×23 · Battering Ram ×20
Feudal
12:02
Castle
18:46
Imperial
35:13
| APM avg | 33.1 |
| APM peak | 64 |
| eAPM avg | 18.3 |
| Villagers / military | 149 / 644 |
Focus
⚔️ 36.4% · 🌾 63.6%
Spearman ×461 · Knight ×112 · Scout Cavalry ×50 · Trade Cart ×37 · Bombard Cannon ×9 · Trebuchet (Packed) ×7
Match map
Initial resources + every placement click. Lines = walls · curves = elevation contours. ◆ gold · ⬟ stone · ● berries · ✦ relic · ◌ wall gap
Your base· ✓ Closed at 16:17 · 0t walls · 2 gate(s)
Spieler32626386's base· ✓ Closed at 15:27 · 0t walls · 2 gate(s)
slumlord866's base· ✓ Closed at 16:26 · 0t walls · 2 gate(s)
LCH's base· ✓ Closed at 20:13 · 0t walls · 3 gate(s)
adessomariano's base· ✓ Closed at 15:40 · 0t walls · 3 gate(s)
lin87069's base· ✓ Closed at 16:22 · 0t walls · 2 gate(s)
story's base· ✓ Closed at 15:58 · 3t walls · 4 gate(s)
squad0224chu's base· ✓ Closed at 18:46 · 2t walls · 3 gate(s)
Smoothed initial terrain · ◌ = detected wall gap · hover for details
Inputs per minute
— Hank - - Spieler32626386
Build order — Hank
First 150 of 496 actions detected
| 0:02 | Build | House |
| 0:04 | Build | House |
| 0:05 | Create | Villager (Male) |
| 0:05 | Create | Villager (Male) |
| 0:05 | Create | Villager (Male) |
| 0:06 | Create | Villager (Male) |
| 0:06 | Create | Villager (Male) |
| 1:47 | Create | Villager (Male) |
| 1:53 | Build | Lumber Camp |
| 2:39 | Create | Villager (Male) |
| 2:39 | Create | Villager (Male) |
| 2:39 | Create | Villager (Male) |
| 2:40 | Create | Villager (Male) |
| 3:10 | Build | House |
| 3:11 | Build | House |
| 3:26 | Create | Villager (Male) |
| 3:27 | Create | Villager (Male) |
| 3:27 | Create | Villager (Male) |
| 3:57 | Build | House |
| 4:01 | Build | Mill |
| 4:15 | Create | Villager (Male) |
| 4:16 | Create | Villager (Male) |
| 4:16 | Create | Villager (Male) |
| 4:22 | Build | House |
| 4:49 | Create | Villager (Male) |
| 4:49 | Create | Villager (Male) |
| 5:00 | Build | Outpost |
| 5:30 | Build | Outpost |
| 5:46 | Create | Villager (Male) |
| 5:46 | Create | Villager (Male) |
| 5:58 | Create | Villager (Male) |
| 5:59 | Create | Villager (Male) |
| 6:42 | Build | Farm |
| 6:43 | Create | Villager (Male) |
| 6:44 | Create | Villager (Male) |
| 6:45 | Create | Villager (Male) |
| 7:14 | Create | Villager (Male) |
| 7:35 | Build | Farm |
| 7:50 | Build | Barracks |
| 8:30 | Create | Villager (Male) |
| 8:33 | Research | Feudal Age |
| 8:33 | Research | Feudal Age |
| 8:39 | Build | Mill |
| 9:56 | Build | Mining Camp |
| 10:37 | Age | Feudal Age |
| 11:00 | Create | Villager (Male) |
| 11:10 | Build | Blacksmith |
| 11:39 | Create | Villager (Male) |
| 12:11 | Create | Villager (Male) |
| 13:01 | Build | Market |
| 13:06 | Create | Villager (Male) |
| 13:06 | Create | Villager (Male) |
| 13:25 | Research | Double-Bit Axe |
| 13:36 | Research | Castle Age |
| 13:36 | Research | Castle Age |
| 13:42 | Build | Mining Camp |
| 14:12 | Create | Spearman |
| 14:32 | Create | Spearman |
| 14:43 | Research | Horse Collar |
| 16:17 | Age | Castle Age |
| 16:22 | Create | Villager (Male) |
| 16:22 | Create | Villager (Male) |
| 16:30 | Build | Town Center |
| 16:53 | Build | House |
| 17:15 | Build | Stable |
| 17:32 | Create | Villager (Male) |
| 17:32 | Create | Villager (Male) |
| 17:54 | Build | House |
| 17:57 | Build | House |
| 17:58 | Build | House |
| 18:07 | Create | Villager (Male) |
| 18:07 | Create | Villager (Male) |
| 18:08 | Create | Villager (Male) |
| 18:15 | Create | Knight |
| 18:25 | Build | Farm |
| 18:31 | Build | Farm |
| 18:32 | Build | Farm |
| 18:45 | Create | Spearman |
| 19:02 | Create | Knight |
| 19:21 | Build | Siege Workshop |
| 19:26 | Create | Knight |
| 19:40 | Create | Knight |
| 19:52 | Build | Castle |
| 20:02 | Research | Gold Mining |
| 20:06 | Create | Villager (Male) |
| 20:07 | Create | Villager (Male) |
| 20:10 | Build | Farm |
| 20:11 | Build | Farm |
| 20:12 | Build | Farm |
| 20:42 | Create | Mangonel |
| 20:58 | Create | Villager (Male) |
| 21:09 | Build | Farm |
| 21:16 | Create | Villager (Male) |
| 21:22 | Build | Farm |
| 21:37 | Create | Knight |
| 21:56 | Create | Villager (Male) |
| 21:57 | Create | Villager (Male) |
| 21:59 | Research | Loom |
| 22:03 | Build | Farm |
| 22:07 | Build | Farm |
| 22:11 | Build | Farm |
| 22:16 | Build | Stable |
| 22:24 | Build | Farm |
| 22:30 | Research | Bloodlines |
| 22:53 | Build | Farm |
| 22:54 | Build | Farm |
| 22:55 | Build | Farm |
| 23:28 | Create | Villager (Male) |
| 23:29 | Create | Villager (Male) |
| 23:30 | Create | Villager (Male) |
| 23:30 | Create | Villager (Male) |
| 23:46 | Create | Knight |
| 23:49 | Create | Knight |
| 24:14 | Build | Farm |
| 24:18 | Build | Farm |
| 24:24 | Build | Farm |
| 24:33 | Build | Farm |
| 24:37 | Build | Farm |
| 24:53 | Build | Mining Camp |
| 25:11 | Create | Knight |
| 26:02 | Create | Knight |
| 26:03 | Create | Knight |
| 26:12 | Research | Scale Barding Armor |
| 26:14 | Create | Villager (Male) |
| 26:14 | Create | Villager (Male) |
| 26:15 | Create | Villager (Male) |
| 26:15 | Create | Villager (Male) |
| 26:21 | Research | Bow Saw |
| 26:24 | Build | Lumber Camp |
| 26:26 | Create | Villager (Male) |
| 26:26 | Create | Villager (Male) |
| 26:41 | Build | Monastery |
| 26:46 | Build | Monastery |
| 27:03 | Build | Gate |
| 27:14 | Research | Forging |
| 27:21 | Create | Knight |
| 27:22 | Create | Knight |
| 27:54 | Research | Chain Barding Armor |
| 27:56 | Create | Villager (Male) |
| 27:56 | Create | Villager (Male) |
| 28:06 | Build | Farm |
| 28:06 | Build | Farm |
| 28:07 | Build | Farm |
| 28:07 | Build | Farm |
| 28:11 | Create | Villager (Male) |
| 28:12 | Create | Villager (Male) |
| 28:31 | Create | Knight |
| 28:32 | Create | Knight |
| 28:38 | Create | Monk |
| 28:41 | Build | Farm |
Build order — Spieler32626386
First 150 of 766 actions detected
| 0:16 | Create | Villager (Male) ×4 |
| 0:17 | Build | House |
| 0:19 | Build | House |
| 1:39 | Create | Villager (Male) |
| 1:39 | Create | Villager (Male) |
| 2:07 | Build | Lumber Camp |
| 2:13 | Create | Villager (Male) |
| 2:14 | Create | Villager (Male) |
| 2:40 | Create | Villager (Male) |
| 3:13 | Create | Villager (Male) ×2 |
| 4:04 | Create | Villager (Male) ×2 |
| 4:06 | Create | Villager (Male) |
| 4:07 | Create | Villager (Male) |
| 4:09 | Build | House |
| 4:38 | Create | Villager (Male) |
| 5:12 | Create | Villager (Male) ×3 |
| 5:21 | Build | House |
| 5:22 | Build | House |
| 5:56 | Create | Villager (Male) ×4 |
| 6:26 | Create | Villager (Male) |
| 6:30 | Build | Mill |
| 6:44 | Create | Villager (Male) |
| 7:20 | Research | Loom |
| 7:20 | Research | Loom |
| 7:49 | Build | Mining Camp |
| 7:54 | Research | Feudal Age |
| 7:55 | Research | Feudal Age |
| 8:44 | Create | Villager (Male) |
| 9:19 | Research | Double-Bit Axe |
| 9:19 | Research | Double-Bit Axe |
| 9:42 | Create | Villager (Male) ×5 |
| 10:21 | Build | Lumber Camp |
| 10:26 | Research | Horse Collar |
| 10:26 | Research | Horse Collar |
| 10:38 | Create | Villager (Male) |
| 10:53 | Create | Villager (Male) |
| 11:13 | Build | Farm |
| 11:15 | Build | Farm |
| 11:16 | Create | Villager (Male) |
| 11:18 | Build | Farm |
| 11:30 | Create | Villager (Male) |
| 11:33 | Build | Farm |
| 11:36 | Build | Farm |
| 11:38 | Build | Farm |
| 12:07 | Create | Villager (Male) |
| 12:08 | Build | Farm |
| 12:19 | Build | House |
| 12:20 | Build | House |
| 12:49 | Build | Blacksmith |
| 12:59 | Build | Mining Camp |
| 13:20 | Create | Villager (Male) |
| 13:36 | Build | Market |
| 13:55 | Create | Villager (Male) |
| 13:57 | Build | Farm |
| 14:27 | Create | Villager (Male) |
| 14:50 | Create | Villager (Male) |
| 15:27 | Research | Castle Age |
| 15:55 | Build | Barracks |
| 16:04 | Research | Gold Mining |
| 16:17 | Research | Stone Mining |
| 16:45 | Build | House |
| 16:47 | Build | House |
| 16:48 | Build | House |
| 16:48 | Build | House |
| 16:49 | Build | House |
| 16:50 | Build | House |
| 16:59 | Research | Wheelbarrow |
| 17:35 | Research | Heavy Plow |
| 17:54 | Build | Castle |
| 17:59 | Research | Squires |
| 18:09 | Build | Mill |
| 18:10 | Build | Farm |
| 18:10 | Build | Farm |
| 18:11 | Build | Farm |
| 18:11 | Build | Farm |
| 18:11 | Build | Farm |
| 18:21 | Build | Farm |
| 18:23 | Create | Villager (Male) |
| 18:31 | Build | Farm |
| 18:32 | Build | Farm |
| 18:33 | Build | Farm |
| 18:36 | Build | Farm |
| 18:37 | Build | Farm |
| 18:45 | Create | Villager (Male) |
| 18:56 | Create | Villager (Male) |
| 19:07 | Create | Villager (Male) |
| 19:21 | Build | House |
| 19:22 | Build | House |
| 19:24 | Build | House |
| 19:24 | Build | House |
| 19:26 | Build | House |
| 19:29 | Create | Karambit Warrior ×5 |
| 19:29 | Create | Karambit Warrior ×5 |
| 19:47 | Create | Villager (Male) |
| 19:59 | Create | Villager (Male) |
| 20:00 | Create | Karambit Warrior ×3 |
| 20:13 | Create | Villager (Male) |
| 20:15 | Create | Karambit Warrior |
| 20:20 | Create | Villager (Male) |
| 20:37 | Research | Forging |
| 20:38 | Create | Karambit Warrior |
| 20:41 | Create | Karambit Warrior |
| 20:47 | Create | Karambit Warrior |
| 20:52 | Create | Karambit Warrior |
| 20:53 | Create | Karambit Warrior |
| 20:55 | Build | Mill |
| 20:55 | Build | Farm |
| 20:56 | Build | Farm |
| 20:56 | Build | Farm |
| 20:56 | Build | Farm |
| 20:56 | Build | Farm |
| 21:01 | Create | Villager (Male) |
| 21:05 | Create | Karambit Warrior |
| 21:11 | Research | Arson |
| 21:12 | Create | Karambit Warrior |
| 21:13 | Create | Karambit Warrior |
| 21:13 | Create | Karambit Warrior |
| 21:13 | Create | Karambit Warrior |
| 21:17 | Create | Karambit Warrior |
| 21:17 | Create | Karambit Warrior |
| 21:18 | Create | Karambit Warrior |
| 21:28 | Create | Karambit Warrior |
| 21:28 | Create | Karambit Warrior |
| 21:44 | Create | Villager (Male) |
| 21:53 | Research | Bow Saw |
| 22:32 | Research | Iron Casting |
| 22:36 | Create | Villager (Male) |
| 22:38 | Create | Villager (Male) |
| 22:39 | Create | Karambit Warrior ×3 |
| 22:39 | Create | Karambit Warrior ×3 |
| 22:39 | Create | Karambit Warrior ×3 |
| 22:46 | Create | Karambit Warrior |
| 22:46 | Create | Karambit Warrior |
| 22:48 | Create | Karambit Warrior |
| 22:49 | Create | Karambit Warrior |
| 22:49 | Create | Karambit Warrior |
| 22:55 | Create | Karambit Warrior |
| 22:55 | Create | Karambit Warrior |
| 22:55 | Create | Karambit Warrior |
| 22:58 | Create | Karambit Warrior |
| 22:58 | Create | Karambit Warrior |
| 22:58 | Create | Karambit Warrior |
| 22:58 | Create | Karambit Warrior |
| 23:08 | Create | Karambit Warrior |
| 23:08 | Create | Karambit Warrior |
| 23:08 | Create | Karambit Warrior |
| 23:08 | Create | Karambit Warrior |
| 23:10 | Create | Villager (Male) |
| 23:11 | Create | Villager (Male) |
| 23:15 | Build | Town Center |
Build order — slumlord866
First 150 of 604 actions detected
| 0:06 | Create | Villager (Male) |
| 0:06 | Create | Villager (Male) |
| 0:06 | Create | Villager (Male) |
| 0:07 | Create | Villager (Male) |
| 0:07 | Create | Villager (Male) |
| 0:08 | Build | House |
| 0:11 | Build | House |
| 1:46 | Create | Villager (Male) |
| 1:46 | Create | Villager (Male) |
| 2:19 | Create | Villager (Male) |
| 2:19 | Create | Villager (Male) |
| 2:49 | Create | Villager (Male) |
| 2:49 | Create | Villager (Male) |
| 2:51 | Build | House |
| 3:19 | Create | Villager (Male) |
| 3:19 | Create | Villager (Male) |
| 3:57 | Build | Lumber Camp |
| 4:00 | Create | Villager (Male) |
| 4:00 | Create | Villager (Male) |
| 4:00 | Create | Villager (Male) |
| 4:00 | Create | Villager (Male) |
| 4:23 | Create | Villager (Male) |
| 4:23 | Create | Villager (Male) |
| 4:47 | Create | Villager (Male) |
| 4:47 | Create | Villager (Male) |
| 5:31 | Create | Villager (Male) |
| 5:31 | Create | Villager (Male) |
| 5:31 | Create | Villager (Male) |
| 5:32 | Create | Villager (Male) |
| 5:56 | Build | House |
| 6:28 | Create | Villager (Male) |
| 6:28 | Create | Villager (Male) |
| 6:28 | Create | Villager (Male) |
| 6:49 | Build | Barracks |
| 6:54 | Create | Villager (Male) |
| 6:54 | Create | Villager (Male) |
| 8:09 | Build | House |
| 8:56 | Build | Mill |
| 9:13 | Build | Mining Camp |
| 9:43 | Research | Feudal Age |
| 10:26 | Build | Farm |
| 11:21 | Research | Loom |
| 11:31 | Create | Villager (Male) |
| 11:31 | Create | Villager (Male) |
| 11:37 | Build | Farm |
| 11:53 | Age | Feudal Age |
| 12:08 | Build | Stable |
| 12:13 | Build | Blacksmith |
| 12:29 | Build | Farm |
| 12:38 | Build | Farm |
| 12:47 | Research | Loom |
| 13:21 | Create | Villager (Male) |
| 13:44 | Research | Castle Age |
| 13:50 | Build | Farm |
| 13:52 | Create | Spearman |
| 13:52 | Create | Spearman |
| 14:06 | Build | Mining Camp |
| 14:48 | Research | Horse Collar |
| 14:49 | Research | Double-Bit Axe |
| 15:01 | Create | Spearman |
| 15:19 | Create | Villager (Male) |
| 15:23 | Build | House |
| 15:29 | Build | Farm |
| 15:54 | Build | Farm |
| 15:56 | Build | Farm |
| 15:59 | Build | Farm |
| 16:07 | Build | House |
| 16:26 | Age | Castle Age |
| 16:30 | Create | Villager (Male) |
| 16:33 | Create | Knight |
| 16:33 | Create | Knight |
| 16:57 | Build | Farm |
| 17:11 | Research | Wheelbarrow |
| 17:53 | Create | Villager (Male) |
| 17:55 | Create | Knight |
| 18:28 | Create | Villager (Male) |
| 18:29 | Create | Villager (Male) |
| 18:33 | Build | House |
| 18:59 | Build | Farm |
| 19:15 | Create | Villager (Male) |
| 19:53 | Build | Castle |
| 20:09 | Build | Farm |
| 20:10 | Build | Farm |
| 20:13 | Create | Villager (Male) |
| 20:13 | Create | Villager (Male) |
| 20:15 | Build | Farm |
| 20:16 | Create | Villager (Male) |
| 20:22 | Create | Knight |
| 20:34 | Create | Spearman |
| 20:35 | Research | Pikeman (upgrade) |
| 20:50 | Build | Farm |
| 20:57 | Create | Villager (Male) |
| 21:03 | Create | Spearman |
| 21:05 | Create | Spearman |
| 21:15 | Build | Monastery |
| 21:17 | Create | Villager (Male) |
| 21:19 | Create | Knight |
| 21:30 | Create | Villager (Male) |
| 21:45 | Build | Town Center |
| 21:47 | Create | Villager (Male) |
| 21:47 | Create | Villager (Male) |
| 21:56 | Build | Mining Camp |
| 22:02 | Create | Monk |
| 22:07 | Create | Villager (Male) |
| 22:07 | Create | Villager (Male) |
| 22:31 | Create | Villager (Male) |
| 22:35 | Research | Husbandry |
| 22:51 | Create | Villager (Male) |
| 22:51 | Create | Villager (Male) |
| 22:58 | Create | Villager (Male) |
| 22:58 | Create | Villager (Male) |
| 24:03 | Create | Villager (Male) |
| 24:04 | Create | Villager (Male) |
| 24:09 | Build | Farm |
| 24:10 | Build | Farm |
| 24:14 | Build | Farm |
| 24:42 | Create | Hussite Wagon |
| 24:52 | Create | Villager (Male) |
| 24:55 | Build | Farm |
| 24:58 | Create | Villager (Male) |
| 24:59 | Create | Villager (Male) |
| 25:09 | Create | Villager (Male) |
| 25:13 | Create | Villager (Male) |
| 25:21 | Create | Villager (Male) |
| 25:34 | Create | Villager (Male) |
| 25:39 | Create | Villager (Male) |
| 25:40 | Build | Farm |
| 25:42 | Build | Farm |
| 25:44 | Create | Villager (Male) |
| 25:45 | Create | Villager (Male) |
| 26:10 | Build | Castle |
| 27:32 | Research | Imperial Age |
| 28:10 | Create | Monk |
| 28:12 | Create | Hussite Wagon |
| 28:23 | Create | Hussite Wagon |
| 28:36 | Build | Farm |
| 28:37 | Build | Farm |
| 28:38 | Build | Farm |
| 28:38 | Build | Farm |
| 28:40 | Build | Farm |
| 29:30 | Research | Fervor |
| 29:31 | Research | Sanctity |
| 29:35 | Create | Villager (Male) |
| 29:40 | Build | Farm |
| 29:41 | Build | Farm |
| 29:53 | Research | Heavy Plow |
| 29:53 | Research | Heavy Plow |
| 29:56 | Create | Spearman |
| 29:57 | Create | Spearman |
| 29:57 | Create | Spearman |
Build order — LCH
First 150 of 576 actions detected
| 0:03 | Build | House |
| 0:05 | Create | Villager (Male) |
| 0:13 | Create | Villager (Male) |
| 0:14 | Create | Villager (Male) |
| 0:15 | Create | Villager (Male) |
| 0:15 | Create | Villager (Male) |
| 1:18 | Research | Loom |
| 1:36 | Build | Lumber Camp |
| 1:38 | Create | Villager (Male) |
| 2:00 | Build | House |
| 2:14 | Create | Villager (Male) |
| 2:44 | Build | House |
| 2:45 | Build | House |
| 2:53 | Build | House |
| 2:55 | Create | Villager (Male) |
| 3:10 | Create | Villager (Male) |
| 3:21 | Build | House |
| 3:28 | Create | Villager (Male) |
| 4:30 | Create | Villager (Male) |
| 4:42 | Create | Villager (Male) |
| 5:01 | Create | Villager (Male) |
| 5:15 | Build | Mill |
| 5:32 | Create | Villager (Male) |
| 5:53 | Create | Villager (Male) |
| 6:31 | Create | Villager (Male) |
| 6:31 | Create | Villager (Male) |
| 6:32 | Create | Villager (Male) |
| 6:42 | Create | Villager (Male) |
| 6:58 | Create | Villager (Male) |
| 7:21 | Create | Villager (Male) |
| 8:32 | Create | Villager (Male) |
| 8:44 | Create | Villager (Male) |
| 8:52 | Create | Villager (Male) |
| 9:18 | Research | Feudal Age |
| 9:32 | Build | Mining Camp |
| 10:17 | Build | Lumber Camp |
| 10:30 | Create | Villager (Male) |
| 10:33 | Create | Villager (Male) |
| 11:09 | Create | Villager (Male) |
| 11:33 | Create | Villager (Male) |
| 11:40 | Age | Feudal Age |
| 11:41 | Research | Double-Bit Axe |
| 11:44 | Research | Tech 1014 |
| 11:56 | Create | Villager (Male) |
| 12:01 | Research | Gold Mining |
| 12:11 | Build | House |
| 12:11 | Build | House |
| 12:12 | Build | House |
| 12:43 | Create | Villager (Male) |
| 13:08 | Create | Villager (Male) |
| 13:28 | Build | Barracks |
| 13:30 | Create | Villager (Male) |
| 13:38 | Build | Pasture |
| 13:51 | Build | Pasture |
| 13:57 | Build | Pasture |
| 14:01 | Create | Villager (Male) |
| 14:04 | Build | House |
| 14:19 | Build | Stable |
| 14:21 | Create | Villager (Male) |
| 14:33 | Build | Pasture |
| 14:34 | Create | Villager (Male) |
| 14:43 | Build | Blacksmith |
| 14:46 | Create | Villager (Male) |
| 14:51 | Build | Pasture |
| 14:52 | Create | Villager (Male) |
| 15:10 | Build | Outpost |
| 15:14 | Build | House |
| 15:17 | Create | Villager (Male) |
| 15:24 | Build | Pasture |
| 15:53 | Create | Villager (Male) |
| 15:57 | Build | Pasture |
| 15:59 | Build | Pasture |
| 16:00 | Create | Villager (Male) |
| 16:00 | Create | Villager (Male) |
| 16:07 | Create | Villager (Male) |
| 16:18 | Build | Mining Camp |
| 16:39 | Build | Pasture |
| 16:42 | Create | Villager (Male) |
| 16:49 | Build | Pasture |
| 17:03 | Build | Pasture |
| 17:08 | Create | Villager (Male) |
| 17:26 | Research | Castle Age |
| 17:27 | Research | Castle Age |
| 18:19 | Research | Fletching |
| 18:19 | Research | Forging |
| 18:56 | Research | Stone Mining |
| 19:36 | Create | Villager (Male) |
| 19:38 | Create | Villager (Male) |
| 19:39 | Create | Villager (Male) |
| 19:41 | Research | Wheelbarrow |
| 19:41 | Research | Town Watch |
| 20:13 | Age | Castle Age |
| 20:15 | Research | Bow Saw |
| 20:20 | Build | Town Center |
| 20:32 | Build | Town Center |
| 21:01 | Create | Villager (Male) |
| 21:16 | Create | Villager (Male) |
| 21:37 | Create | Villager (Male) |
| 21:37 | Create | Villager (Male) |
| 21:38 | Create | Villager (Male) |
| 21:38 | Create | Villager (Male) |
| 21:38 | Create | Villager (Male) |
| 21:39 | Create | Villager (Male) |
| 22:04 | Build | University |
| 22:06 | Build | House |
| 22:09 | Build | House |
| 22:30 | Build | Town Center |
| 22:57 | Research | Man-at-Arms (upgrade) |
| 22:57 | Create | Militia |
| 23:06 | Build | Gate |
| 23:15 | Create | Villager (Male) |
| 23:16 | Create | Villager (Male) |
| 23:20 | Create | Villager (Male) |
| 23:21 | Create | Villager (Male) |
| 23:34 | Research | Iron Casting |
| 23:43 | Research | Long Swordsman (upgrade) |
| 23:44 | Research | Gambesons |
| 23:44 | Research | Squires |
| 23:45 | Research | Arson |
| 23:53 | Create | Villager (Male) |
| 23:54 | Create | Villager (Male) |
| 23:54 | Create | Villager (Male) |
| 23:55 | Create | Villager (Male) |
| 24:07 | Build | Stone Wall |
| 24:07 | Build | Stone Wall |
| 24:07 | Build | Stone Wall |
| 24:33 | Create | Villager (Male) |
| 24:33 | Create | Villager (Male) |
| 24:33 | Create | Villager (Male) |
| 24:37 | Create | Militia |
| 24:37 | Create | Militia |
| 24:44 | Create | Militia |
| 24:45 | Create | Militia |
| 24:45 | Create | Militia |
| 24:50 | Create | Villager (Male) |
| 25:08 | Build | Pasture |
| 25:20 | Create | Villager (Male) |
| 25:21 | Create | Villager (Male) |
| 25:21 | Create | Villager (Male) |
| 25:21 | Create | Villager (Male) |
| 25:22 | Create | Villager (Male) |
| 25:45 | Build | Barracks |
| 25:48 | Create | Villager (Male) |
| 25:52 | Create | Villager (Male) |
| 25:52 | Create | Villager (Male) |
| 25:57 | Build | Pasture |
| 25:57 | Build | Pasture |
| 25:58 | Build | Pasture |
| 25:59 | Build | Pasture |
| 26:01 | Create | Villager (Male) |
Build order — adessomariano
First 150 of 527 actions detected
| 0:03 | Create | Villager (Male) |
| 0:03 | Create | Villager (Male) |
| 0:03 | Create | Villager (Male) |
| 0:04 | Create | Villager (Male) |
| 0:05 | Build | House |
| 0:06 | Build | House |
| 1:21 | Create | Villager (Male) |
| 1:22 | Create | Villager (Male) |
| 1:22 | Create | Villager (Male) |
| 1:43 | Create | Villager (Male) |
| 1:43 | Create | Villager (Male) |
| 1:44 | Create | Villager (Male) |
| 1:55 | Build | Lumber Camp |
| 2:12 | Create | Villager (Male) |
| 2:12 | Create | Villager (Male) |
| 2:12 | Create | Villager (Male) |
| 3:02 | Create | Villager (Male) |
| 3:02 | Create | Villager (Male) |
| 3:46 | Build | Mill |
| 4:08 | Build | House |
| 4:16 | Create | Villager (Male) |
| 4:17 | Create | Villager (Male) |
| 4:17 | Create | Villager (Male) |
| 4:17 | Create | Villager (Male) |
| 4:38 | Create | Villager (Male) |
| 4:38 | Create | Villager (Male) |
| 4:39 | Create | Villager (Male) |
| 4:41 | Create | Villager (Male) |
| 4:42 | Create | Villager (Male) |
| 4:42 | Create | Villager (Male) |
| 4:42 | Create | Villager (Male) |
| 5:34 | Create | Villager (Male) |
| 5:35 | Create | Villager (Male) |
| 5:35 | Create | Villager (Male) |
| 6:20 | Create | Villager (Male) |
| 6:20 | Create | Villager (Male) |
| 6:20 | Create | Villager (Male) |
| 6:20 | Create | Villager (Male) |
| 6:21 | Create | Villager (Male) |
| 6:21 | Create | Villager (Male) |
| 6:35 | Build | House |
| 7:48 | Create | Villager (Male) |
| 7:49 | Create | Villager (Male) |
| 7:49 | Create | Villager (Male) |
| 7:49 | Create | Villager (Male) |
| 7:49 | Create | Villager (Male) |
| 7:50 | Create | Villager (Male) |
| 7:55 | Build | Mining Camp |
| 8:56 | Research | Feudal Age |
| 9:23 | Build | House |
| 10:26 | Build | Mining Camp |
| 11:10 | Create | Villager (Male) |
| 11:26 | Age | Feudal Age |
| 11:34 | Build | Market |
| 11:38 | Build | Blacksmith |
| 11:59 | Build | Barracks |
| 12:10 | Create | Villager (Male) |
| 12:33 | Create | Villager (Male) |
| 12:51 | Research | Castle Age |
| 13:07 | Build | Siege Workshop |
| 13:20 | Build | Farm |
| 13:39 | Build | House |
| 13:40 | Build | House |
| 14:17 | Build | House |
| 14:24 | Build | Farm |
| 15:26 | Build | Farm |
| 15:39 | Build | Town Center |
| 15:40 | Age | Castle Age |
| 15:48 | Create | Villager (Male) |
| 15:59 | Create | Villager (Male) |
| 16:00 | Create | Villager (Male) |
| 16:14 | Build | Town Center |
| 16:16 | Create | Villager (Male) |
| 16:26 | Create | Scorpion |
| 16:32 | Research | Fletching |
| 16:50 | Build | Farm |
| 16:56 | Create | Villager (Male) |
| 17:16 | Build | Farm |
| 17:21 | Build | Farm |
| 17:37 | Create | Spearman |
| 17:45 | Build | Farm |
| 17:52 | Research | Loom |
| 17:58 | Build | Farm |
| 18:01 | Build | Farm |
| 18:13 | Create | Villager (Male) |
| 18:13 | Create | Villager (Male) |
| 18:13 | Create | Villager (Male) |
| 18:13 | Create | Villager (Male) |
| 18:28 | Build | Lumber Camp |
| 18:35 | Create | Villager (Male) |
| 18:35 | Create | Villager (Male) |
| 18:35 | Create | Villager (Male) |
| 18:46 | Build | Farm |
| 19:02 | Create | Scorpion |
| 19:12 | Research | Double-Bit Axe |
| 19:24 | Build | Farm |
| 19:26 | Create | Villager (Male) |
| 19:39 | Build | Farm |
| 19:44 | Build | Farm |
| 19:46 | Create | Villager (Male) |
| 19:46 | Create | Villager (Male) |
| 19:46 | Create | Villager (Male) |
| 20:04 | Create | Villager (Male) |
| 20:09 | Build | Farm |
| 20:11 | Build | Farm |
| 20:14 | Build | Farm |
| 20:17 | Build | House |
| 20:19 | Create | Villager (Male) |
| 20:20 | Create | Villager (Male) |
| 20:30 | Build | Farm |
| 20:32 | Create | Villager (Male) |
| 20:33 | Create | Villager (Male) |
| 20:43 | Build | Farm |
| 20:47 | Create | Villager (Male) |
| 20:47 | Create | Villager (Male) |
| 20:52 | Build | Farm |
| 21:04 | Create | Villager (Male) |
| 21:06 | Create | Villager (Male) |
| 21:14 | Build | Farm |
| 21:19 | Research | Horse Collar |
| 21:33 | Create | Villager (Male) |
| 21:34 | Create | Villager (Male) |
| 21:41 | Build | Farm |
| 21:43 | Build | Farm |
| 21:50 | Create | Villager (Male) |
| 21:50 | Create | Villager (Male) |
| 21:50 | Create | Villager (Male) |
| 21:59 | Create | Scorpion |
| 22:08 | Create | Villager (Male) |
| 22:15 | Create | Villager (Male) |
| 22:17 | Create | Villager (Male) |
| 22:18 | Create | Villager (Male) |
| 22:25 | Create | Scorpion |
| 22:28 | Create | Spearman |
| 22:34 | Create | Villager (Male) |
| 22:39 | Build | Farm |
| 22:45 | Build | Mill |
| 22:46 | Create | Villager (Male) |
| 22:46 | Create | Villager (Male) |
| 22:46 | Create | Villager (Male) |
| 22:47 | Create | Villager (Male) |
| 22:55 | Create | Villager (Male) |
| 22:58 | Create | Villager (Male) |
| 23:04 | Create | Scorpion |
| 23:09 | Build | House |
| 23:15 | Build | House |
| 23:16 | Build | House |
| 23:19 | Build | Farm |
| 23:24 | Research | Wheelbarrow |
| 23:28 | Research | Town Watch |
Build order — lin87069
First 150 of 576 actions detected
| 0:03 | Build | House |
| 0:05 | Build | House |
| 0:05 | Create | Villager (Male) |
| 0:06 | Create | Villager (Male) |
| 0:06 | Create | Villager (Male) |
| 0:06 | Create | Villager (Male) |
| 1:25 | Create | Villager (Male) |
| 1:26 | Create | Villager (Male) |
| 1:56 | Build | Lumber Camp |
| 1:59 | Create | Villager (Male) |
| 1:59 | Create | Villager (Male) |
| 2:36 | Create | Villager (Male) |
| 2:37 | Create | Villager (Male) |
| 3:06 | Create | Villager (Male) |
| 3:07 | Create | Villager (Male) |
| 3:40 | Create | Villager (Male) |
| 3:40 | Create | Villager (Male) |
| 3:46 | Build | Mill |
| 3:58 | Build | House |
| 4:11 | Create | Villager (Male) |
| 4:12 | Create | Villager (Male) |
| 4:27 | Create | Villager (Male) |
| 4:36 | Create | Villager (Male) |
| 4:37 | Create | Villager (Male) |
| 4:43 | Build | House |
| 5:34 | Create | Villager (Male) |
| 5:34 | Create | Villager (Male) |
| 5:41 | Build | Lumber Camp |
| 5:51 | Create | Villager (Male) |
| 6:31 | Create | Villager (Male) |
| 7:01 | Create | Villager (Male) |
| 7:33 | Create | Villager (Male) |
| 7:47 | Build | House |
| 7:48 | Build | House |
| 7:53 | Create | Villager (Male) |
| 7:54 | Create | Villager (Male) |
| 8:07 | Build | Mining Camp |
| 8:35 | Create | Villager (Male) |
| 8:55 | Build | Farm |
| 9:03 | Create | Villager (Male) |
| 9:06 | Build | Farm |
| 9:26 | Build | Farm |
| 9:44 | Create | Villager (Male) |
| 9:46 | Build | Farm |
| 10:08 | Research | Feudal Age |
| 10:12 | Build | Mining Camp |
| 11:26 | Build | Farm |
| 12:00 | Create | Villager (Male) |
| 12:19 | Age | Feudal Age |
| 12:22 | Build | Farm |
| 12:25 | Build | Farm |
| 12:29 | Build | Market |
| 12:35 | Build | Blacksmith |
| 12:42 | Create | Villager (Male) |
| 12:46 | Build | Farm |
| 13:16 | Research | Loom |
| 13:42 | Research | Castle Age |
| 14:14 | Research | Horse Collar |
| 14:16 | Research | Double-Bit Axe |
| 14:22 | Research | Gold Mining |
| 15:11 | Research | Stone Mining |
| 15:17 | Research | Scale Mail Armor |
| 15:51 | Build | Farm |
| 16:22 | Age | Castle Age |
| 16:33 | Create | Villager (Male) |
| 16:53 | Create | Villager (Male) |
| 16:56 | Build | Town Center |
| 17:01 | Build | Town Center |
| 17:07 | Research | Heavy Plow |
| 17:08 | Research | Bow Saw |
| 17:20 | Create | Villager (Male) |
| 17:42 | Create | Villager (Male) |
| 17:43 | Create | Villager (Male) |
| 17:47 | Build | House |
| 17:49 | Build | House |
| 18:02 | Build | Farm |
| 18:22 | Build | Farm |
| 18:26 | Create | Villager (Male) |
| 18:26 | Create | Villager (Male) |
| 18:56 | Build | Farm |
| 18:58 | Create | Villager (Male) |
| 19:13 | Build | Farm |
| 19:14 | Create | Villager (Male) |
| 19:14 | Create | Villager (Male) |
| 19:14 | Create | Villager (Male) |
| 19:26 | Build | Town Center |
| 19:44 | Create | Villager (Male) |
| 19:45 | Create | Villager (Male) |
| 19:45 | Create | Villager (Male) |
| 20:00 | Create | Villager (Male) |
| 20:00 | Create | Villager (Male) |
| 20:18 | Create | Villager (Male) |
| 20:22 | Create | Villager (Male) |
| 20:31 | Build | Farm |
| 20:35 | Build | Barracks |
| 20:37 | Build | Farm |
| 20:39 | Create | Villager (Male) |
| 20:40 | Create | Villager (Male) |
| 20:48 | Build | Farm |
| 21:02 | Create | Villager (Male) |
| 21:04 | Create | Villager (Male) |
| 21:06 | Build | Farm |
| 21:20 | Create | Villager (Male) |
| 21:24 | Create | Villager (Male) |
| 21:26 | Create | Villager (Male) |
| 21:28 | Create | Villager (Male) |
| 21:31 | Build | Farm |
| 21:41 | Build | Outpost |
| 21:42 | Build | Outpost |
| 21:44 | Create | Villager (Male) |
| 21:59 | Build | House |
| 22:00 | Build | House |
| 22:01 | Build | House |
| 22:02 | Build | House |
| 22:03 | Build | House |
| 22:04 | Build | House |
| 22:10 | Build | House |
| 22:11 | Build | House |
| 22:12 | Build | House |
| 22:14 | Build | House |
| 22:15 | Build | House |
| 22:16 | Build | House |
| 22:18 | Build | House |
| 22:18 | Build | House |
| 22:22 | Build | Farm |
| 22:23 | Create | Villager (Male) |
| 22:24 | Create | Villager (Male) |
| 22:26 | Create | Villager (Male) |
| 22:27 | Build | Farm |
| 22:34 | Create | Villager (Male) |
| 22:36 | Build | Mining Camp |
| 22:41 | Build | Farm |
| 22:42 | Create | Villager (Male) |
| 22:43 | Create | Villager (Male) |
| 22:43 | Create | Villager (Male) |
| 22:44 | Create | Villager (Male) |
| 22:53 | Build | Lumber Camp |
| 22:55 | Create | Villager (Male) |
| 23:00 | Create | Villager (Male) |
| 23:12 | Build | Farm |
| 23:13 | Create | Villager (Male) |
| 23:17 | Build | Farm |
| 23:35 | Create | Villager (Male) |
| 23:36 | Create | Villager (Male) |
| 23:38 | Create | Villager (Male) |
| 23:41 | Build | Farm |
| 23:55 | Build | Barracks |
| 24:07 | Build | Farm |
| 24:09 | Build | Farm |
| 24:10 | Create | Villager (Male) |
Build order — story
First 150 of 463 actions detected
| 0:05 | Build | House |
| 0:10 | Build | House |
| 0:12 | Create | Villager (Male) |
| 0:12 | Create | Villager (Male) |
| 0:12 | Create | Villager (Male) |
| 0:13 | Create | Villager (Male) |
| 0:13 | Create | Villager (Male) |
| 0:21 | Build | House |
| 1:52 | Create | Villager (Male) |
| 1:52 | Create | Villager (Male) |
| 2:27 | Create | Villager (Male) |
| 2:27 | Create | Villager (Male) |
| 2:43 | Build | Lumber Camp |
| 2:46 | Create | Villager (Male) |
| 2:46 | Create | Villager (Male) |
| 3:10 | Create | Villager (Male) |
| 3:11 | Create | Villager (Male) |
| 3:33 | Create | Villager (Male) |
| 3:34 | Create | Villager (Male) |
| 4:02 | Research | Loom |
| 4:15 | Build | House |
| 4:21 | Build | Palisade Wall |
| 4:26 | Build | Palisade Gate |
| 4:28 | Build | House |
| 4:29 | Build | House |
| 4:31 | Build | House |
| 4:33 | Create | Villager (Male) |
| 4:34 | Create | Villager (Male) |
| 4:34 | Create | Villager (Male) |
| 4:59 | Create | Villager (Male) |
| 4:59 | Create | Villager (Male) |
| 5:21 | Create | Villager (Male) |
| 5:21 | Create | Villager (Male) |
| 5:31 | Build | Mill |
| 6:07 | Create | Villager (Male) |
| 6:07 | Create | Villager (Male) |
| 6:08 | Create | Villager (Male) |
| 6:08 | Create | Villager (Male) |
| 7:17 | Create | Villager (Male) |
| 7:23 | Create | Villager (Male) |
| 7:28 | Create | Villager (Male) |
| 7:32 | Create | Villager (Male) |
| 7:54 | Create | Villager (Male) |
| 7:54 | Create | Villager (Male) |
| 8:30 | Build | Mining Camp |
| 9:06 | Create | Villager (Male) |
| 9:35 | Research | Feudal Age |
| 10:37 | Create | Villager (Male) |
| 10:37 | Create | Villager (Male) |
| 10:37 | Create | Villager (Male) |
| 11:45 | Age | Feudal Age |
| 11:52 | Build | Market |
| 12:01 | Build | Blacksmith |
| 12:18 | Build | Mining Camp |
| 12:27 | Build | Mining Camp |
| 12:50 | Build | Mill |
| 12:59 | Build | Farm |
| 13:19 | Research | Castle Age |
| 14:15 | Create | Villager (Male) |
| 14:16 | Create | Villager (Male) |
| 14:19 | Research | Double-Bit Axe |
| 15:19 | Build | Farm |
| 15:28 | Build | Farm |
| 15:31 | Create | Villager (Male) |
| 15:43 | Build | Farm |
| 15:58 | Age | Castle Age |
| 16:08 | Build | Town Center |
| 16:19 | Create | Villager (Male) |
| 16:30 | Build | Monastery |
| 16:54 | Create | Villager (Male) |
| 17:18 | Create | Monk |
| 17:31 | Create | Villager (Male) |
| 17:31 | Create | Villager (Male) |
| 17:50 | Create | Villager (Male) |
| 17:51 | Create | Villager (Male) |
| 18:06 | Build | Town Center |
| 18:28 | Create | Villager (Male) |
| 18:36 | Build | House |
| 18:39 | Build | House |
| 18:41 | Build | House |
| 18:42 | Build | House |
| 18:47 | Build | Farm |
| 18:48 | Create | Villager (Male) |
| 19:04 | Build | Lumber Camp |
| 19:07 | Create | Villager (Male) |
| 19:07 | Create | Villager (Male) |
| 19:11 | Create | Villager (Male) |
| 19:26 | Build | Farm |
| 19:27 | Create | Villager (Male) |
| 19:37 | Create | Monk |
| 19:46 | Build | Farm |
| 19:49 | Create | Villager (Male) |
| 19:51 | Build | Farm |
| 19:53 | Create | Villager (Male) |
| 20:09 | Create | Villager (Male) |
| 20:09 | Create | Villager (Male) |
| 20:10 | Create | Villager (Male) |
| 20:46 | Build | House |
| 20:48 | Build | House |
| 20:49 | Build | House |
| 20:50 | Build | House |
| 20:51 | Build | House |
| 21:28 | Build | Castle |
| 21:33 | Create | Villager (Male) |
| 21:36 | Build | Farm |
| 21:41 | Build | Farm |
| 21:45 | Build | Farm |
| 21:47 | Create | Villager (Male) |
| 21:48 | Create | Villager (Male) |
| 21:48 | Create | Villager (Male) |
| 21:48 | Create | Villager (Male) |
| 21:48 | Create | Villager (Male) |
| 21:50 | Create | Villager (Male) |
| 21:50 | Create | Villager (Male) |
| 22:14 | Build | Town Center |
| 22:19 | Build | Farm |
| 22:22 | Build | Farm |
| 22:30 | Build | Farm |
| 22:31 | Create | Villager (Male) |
| 22:32 | Create | Villager (Male) |
| 22:32 | Create | Villager (Male) |
| 22:53 | Build | Mining Camp |
| 23:02 | Build | Barracks |
| 23:17 | Build | Farm |
| 23:20 | Build | Farm |
| 23:23 | Create | Villager (Male) |
| 23:23 | Create | Villager (Male) |
| 23:24 | Create | Villager (Male) |
| 23:24 | Create | Villager (Male) |
| 23:26 | Build | Farm |
| 24:08 | Build | Farm |
| 24:12 | Build | Farm |
| 24:14 | Create | Villager (Male) |
| 24:14 | Create | Villager (Male) |
| 24:14 | Create | Villager (Male) |
| 24:16 | Build | Farm |
| 24:22 | Build | Farm |
| 24:26 | Build | Farm |
| 24:28 | Create | Villager (Male) |
| 24:29 | Create | Villager (Male) |
| 24:29 | Create | Villager (Male) |
| 24:29 | Create | Villager (Male) |
| 24:30 | Create | Villager (Male) |
| 24:32 | Build | Farm |
| 24:38 | Build | Farm |
| 24:39 | Build | Farm |
| 24:41 | Create | Villager (Male) |
| 24:41 | Create | Villager (Male) |
| 24:50 | Build | Stable |
| 24:59 | Build | Mining Camp |
Build order — squad0224chu
First 150 of 537 actions detected
| 0:01 | Research | Loom |
| 0:01 | Create | Villager (Male) |
| 0:02 | Create | Villager (Male) |
| 0:02 | Create | Villager (Male) |
| 0:02 | Create | Villager (Male) |
| 0:04 | Build | House |
| 0:05 | Build | House |
| 2:09 | Build | Lumber Camp |
| 2:11 | Create | Villager (Male) |
| 2:44 | Create | Villager (Male) |
| 2:44 | Create | Villager (Male) |
| 2:45 | Create | Villager (Male) |
| 3:34 | Create | Villager (Male) |
| 3:34 | Create | Villager (Male) |
| 4:08 | Build | Mill |
| 4:22 | Create | Villager (Male) |
| 4:32 | Build | House |
| 4:42 | Create | Villager (Male) |
| 5:40 | Create | Villager (Male) |
| 5:41 | Create | Villager (Male) |
| 5:41 | Create | Villager (Male) |
| 5:44 | Build | House |
| 6:00 | Create | Villager (Male) |
| 6:10 | Build | Outpost |
| 6:28 | Build | Palisade Wall |
| 6:29 | Build | Palisade Wall |
| 7:03 | Create | Villager (Male) |
| 7:27 | Create | Villager (Male) |
| 7:55 | Create | Villager (Male) |
| 8:27 | Build | Mining Camp |
| 8:52 | Build | Farm |
| 8:53 | Create | Villager (Male) |
| 9:33 | Build | Barracks |
| 9:52 | Research | Feudal Age |
| 10:26 | Create | Villager (Male) |
| 10:27 | Create | Villager (Male) |
| 11:58 | Build | House |
| 12:02 | Age | Feudal Age |
| 12:06 | Research | Double-Bit Axe |
| 12:13 | Create | Villager (Male) |
| 12:32 | Build | Blacksmith |
| 12:44 | Build | Stable |
| 13:24 | Build | Farm |
| 13:25 | Create | Villager (Male) |
| 13:46 | Build | House |
| 13:50 | Create | Villager (Male) |
| 13:52 | Build | Farm |
| 14:10 | Build | Farm |
| 14:11 | Create | Villager (Male) |
| 14:24 | Build | House |
| 14:26 | Build | Farm |
| 14:46 | Build | Farm |
| 14:57 | Create | Villager (Male) |
| 15:19 | Build | Mining Camp |
| 15:26 | Build | Farm |
| 15:31 | Build | Farm |
| 15:35 | Create | Villager (Male) |
| 15:39 | Build | House |
| 16:02 | Create | Villager (Male) |
| 16:05 | Research | Castle Age |
| 16:08 | Build | Farm |
| 16:18 | Build | Archery Range |
| 17:13 | Create | Villager (Male) |
| 17:13 | Create | Villager (Male) |
| 17:30 | Build | House |
| 17:32 | Build | House |
| 17:39 | Create | Skirmisher |
| 17:42 | Create | Skirmisher |
| 17:52 | Create | Spearman |
| 17:56 | Create | Spearman |
| 17:56 | Create | Spearman |
| 18:46 | Age | Castle Age |
| 18:50 | Research | Pikeman (upgrade) |
| 18:51 | Research | Squires |
| 19:05 | Build | Town Center |
| 19:15 | Build | Farm |
| 19:26 | Create | Villager (Male) |
| 19:27 | Create | Villager (Male) |
| 19:27 | Create | Villager (Male) |
| 19:36 | Research | Scale Mail Armor |
| 19:36 | Research | Forging |
| 20:00 | Create | Villager (Male) |
| 20:12 | Create | Villager (Male) |
| 20:13 | Create | Villager (Male) |
| 20:25 | Create | Spearman |
| 20:26 | Create | Spearman |
| 20:44 | Build | Farm |
| 20:54 | Build | Castle |
| 21:05 | Build | Farm |
| 21:09 | Research | Bow Saw |
| 21:20 | Build | Farm |
| 21:28 | Create | Villager (Male) |
| 21:28 | Create | Villager (Male) |
| 21:46 | Create | Villager (Male) |
| 21:47 | Create | Villager (Male) |
| 21:59 | Build | Farm |
| 22:17 | Build | House |
| 22:22 | Build | House |
| 22:23 | Build | House |
| 22:27 | Build | Farm |
| 22:29 | Create | Villager (Male) |
| 22:30 | Create | Villager (Male) |
| 22:31 | Create | Villager (Male) |
| 22:32 | Create | Villager (Male) |
| 22:32 | Create | Villager (Male) |
| 22:43 | Build | Stone Wall |
| 23:05 | Build | Stone Wall |
| 23:12 | Build | Farm |
| 23:15 | Create | Villager (Male) |
| 23:17 | Create | Villager (Male) |
| 23:17 | Create | Villager (Male) |
| 23:34 | Build | Siege Workshop |
| 23:41 | Research | Fletching |
| 23:55 | Build | Farm |
| 23:57 | Create | Villager (Male) |
| 23:58 | Create | Villager (Male) |
| 24:11 | Build | Lumber Camp |
| 24:13 | Create | Villager (Male) |
| 24:14 | Create | Villager (Male) |
| 24:15 | Create | Villager (Male) |
| 24:18 | Build | Farm |
| 24:37 | Build | Barracks |
| 24:40 | Create | Spearman |
| 24:41 | Create | Spearman |
| 24:42 | Create | Spearman |
| 24:50 | Build | Mill |
| 24:56 | Create | Villager (Male) |
| 24:57 | Create | Villager (Male) |
| 25:11 | Create | Mangonel |
| 25:28 | Build | Mill |
| 25:32 | Create | Villager (Male) |
| 25:34 | Create | Villager (Male) |
| 25:35 | Create | Villager (Male) |
| 25:35 | Create | Villager (Male) |
| 25:51 | Build | Stable |
| 25:57 | Build | Farm |
| 25:58 | Build | Farm |
| 26:07 | Build | Farm |
| 26:09 | Create | Villager (Male) |
| 26:10 | Create | Villager (Male) |
| 26:11 | Create | Villager (Male) |
| 26:11 | Create | Villager (Male) |
| 26:12 | Create | Villager (Male) |
| 26:19 | Create | Mangonel |
| 27:00 | Create | Spearman |
| 27:00 | Create | Spearman |
| 27:01 | Create | Spearman |
| 27:35 | Create | Mangonel |
| 27:47 | Build | Barracks |
| 27:58 | Build | Farm |
Match timeline
| 4:21 | story · wall_segment Palisade Wall x3 |
| 6:28 | squad0224chu · wall_segment Palisade Wall x1 |
| 6:29 | squad0224chu · wall_segment Palisade Wall x1 |
| 6:49 | slumlord866 · first_building Barracks |
| 7:50 | Hank · first_building Barracks |
| 9:33 | squad0224chu · first_building Barracks |
| 10:37 | Hank · age_up feudal |
| 11:26 | adessomariano · age_up feudal |
| 11:40 | LCH · age_up feudal |
| 11:45 | story · age_up feudal |
| 11:53 | slumlord866 · age_up feudal |
| 11:59 | adessomariano · first_building Barracks |
| 12:02 | squad0224chu · age_up feudal |
| 12:08 | slumlord866 · first_building Stable |
| 12:19 | lin87069 · age_up feudal |
| 12:44 | squad0224chu · first_building Stable |
| 13:07 | adessomariano · first_building Siege Workshop |
| 13:28 | LCH · first_building Barracks |
| 14:19 | LCH · first_building Stable |
| 15:40 | adessomariano · age_up castle |
| 15:55 | Spieler32626386 · first_building Barracks |
| 15:56 | adessomariano · first_market_sell 100 food |
| 15:57 | adessomariano · first_market_buy 100 wood |
| 15:58 | story · age_up castle |
| 16:17 | Hank · age_up castle |
| 16:18 | squad0224chu · first_building Archery Range |
| 16:22 | lin87069 · age_up castle |
| 16:26 | slumlord866 · age_up castle |
| 16:30 | story · first_building Monastery |
| 17:02 | Hank · first_market_buy 100 wood |
| 17:15 | Hank · first_building Stable |
| 17:54 | Spieler32626386 · first_building Castle |
| 18:46 | squad0224chu · age_up castle |
| 19:21 | Hank · first_building Siege Workshop |
| 19:52 | Hank · first_building Castle |
| 19:53 | slumlord866 · first_building Castle |
| 20:13 | LCH · age_up castle |
| 20:35 | lin87069 · first_building Barracks |
| 20:54 | squad0224chu · first_building Castle |
| 21:15 | slumlord866 · first_building Monastery |
| 21:28 | story · first_building Castle |
| 22:09 | story · first_market_buy 100 stone |
| 22:43 | squad0224chu · wall_segment Stone Wall x3 |
| 22:44 | Hank · first_market_sell 100 stone |
| 23:02 | story · first_building Barracks |
| 23:05 | squad0224chu · wall_segment Stone Wall x6 |
| 23:34 | squad0224chu · first_building Siege Workshop |
| 24:07 | LCH · wall_segment Stone Wall x2 |
| 24:07 | LCH · wall_segment Stone Wall x1 |
| 24:07 | LCH · wall_segment Stone Wall x1 |
| 24:50 | story · first_building Stable |
| 25:36 | adessomariano · first_building Castle |
| 26:20 | lin87069 · first_building Monastery |
| 26:25 | lin87069 · first_building Castle |
| 26:41 | Hank · first_building Monastery |
| 26:46 | adessomariano · first_building Archery Range |
| 26:55 | story · first_building Siege Workshop |
| 27:52 | Spieler32626386 · first_building Stable |
| 28:24 | lin87069 · first_building Archery Range |
| 29:09 | lin87069 · wall_segment Stone Wall x1 |
| 29:10 | lin87069 · wall_segment Stone Wall x1 |
| 29:12 | lin87069 · wall_segment Stone Wall x1 |
| 29:38 | lin87069 · wall_segment Stone Wall x1 |
| 29:39 | lin87069 · wall_segment Stone Wall x1 |
| 29:41 | lin87069 · wall_segment Stone Wall x1 |
| 30:18 | story · age_up imperial |
| 30:23 | adessomariano · first_building Stable |
| 30:45 | slumlord866 · age_up imperial |
| 31:40 | LCH · first_building Siege Workshop |
| 32:13 | squad0224chu · wall_segment Stone Wall x9 |
| 32:14 | squad0224chu · wall_segment Stone Wall x1 |
| 32:14 | squad0224chu · wall_segment Stone Wall x1 |
| 32:15 | squad0224chu · wall_segment Stone Wall x1 |
| 32:16 | squad0224chu · wall_segment Stone Wall x1 |
| 32:28 | lin87069 · age_up imperial |
| 32:37 | adessomariano · age_up imperial |
| 32:54 | squad0224chu · wall_segment Stone Wall x1 |
| 32:54 | squad0224chu · wall_segment Stone Wall x1 |
| 32:55 | squad0224chu · wall_segment Stone Wall x1 |
| 34:21 | Hank · first_building Archery Range |
| 34:22 | squad0224chu · wall_segment Stone Wall x1 |
| 34:26 | squad0224chu · wall_segment Stone Wall x5 |
| 34:27 | squad0224chu · wall_segment Stone Wall x1 |
| 34:28 | squad0224chu · wall_segment Stone Wall x1 |
| 34:33 | Hank · age_up imperial |
| 35:13 | squad0224chu · age_up imperial |
| 35:23 | LCH · age_up imperial |
| 36:07 | LCH · first_building Castle |
| 38:12 | squad0224chu · wall_segment Stone Wall x1 |
| 39:10 | slumlord866 · first_building Siege Workshop |
| 41:20 | Hank · wall_segment Stone Wall x1 |
| 41:22 | Hank · wall_segment Stone Wall x1 |
| 43:29 | Hank · wall_segment Stone Wall x1 |
| 43:46 | slumlord866 · first_building Archery Range |
| 46:46 | story · first_market_sell 500 wood |
| 49:18 | lin87069 · first_market_buy 100 stone |
| 54:43 | lin87069 · first_market_sell 100 food |
| 59:48 | Spieler32626386 · first_market_buy 100 wood |
| 63:23 | Spieler32626386 · first_market_sell 100 wood |
| 64:42 | LCH · first_market_sell 100 wood |
| 67:53 | Spieler32626386 · first_building Archery Range |
| 69:47 | story · wall_segment Stone Wall x4 |
| 74:14 | LCH · wall_segment Stone Wall x9 |
| 74:57 | squad0224chu · resign |
[ AI ANALYSIS · 1 CREDIT ]
What really happened in this match?
Wolo.gg analyzes every decision: build order, eco, micro, common mistakes by bracket. Personalized analysis on WhatsApp or Discord in 30 seconds.
Civ guide
Persians
Perfil
Jugador #2379097